 Dungeon Crawl Stone Soup version 0.31-a0-204-g7da18cac08 (webtiles) character file.

Game seed: 12178556204371516065

19 qw the Shooter (level 2, -1/16 HPs)
             Began as a Deep Elf Hunter on June 27, 2023.
             Succumbed to their own poison gas
             ... on level 1 of the Dungeon.
             The game lasted 00:00:11 (815 turns).

qw the Shooter (Deep Elf Hunter)                     Turns: 815, Time: 00:00:11

Health: -1/16      AC:  3    Str:  8    XL:     2   Next: 55%
Magic:  4/4        EV: 12    Int: 13    God:
Gold:   20         SH:  0    Dex: 18    Spells: 1/1 levels left

rFire   + . .        Y - +0 shortbow
rCold   . . .        (shield currently unavailable)
rNeg    . . .        c - +0 leather armour
rPois   .            (no helmet)
rElec   .            (no cloak)
rCorr   .            (no gloves)
SInv    .            (no boots)
Will    .....        (no amulet)
Stlth   ++           g - ring of protection from fire
HPRegen 0.22/turn    (no ring)
MPRegen 0.09/turn

%: no passive effects
@: lethally poisoned (-1 -> -12)
A: no striking features
a: no special abilities


You were on level 1 of the Dungeon.
You visited 1 branch of the dungeon, and saw 1 of its levels.

You collected 20 gold pieces.


   Skills:
 - Level 1.5 Fighting
 + Level 6.3 Ranged Weapons
 - Level 2.4 Dodging
 - Level 1.2 Stealth


You had one spell level left.
You didn't know any spells.
Your spell library was empty.

Inventory:

Hand Weapons
 Y - a +0 shortbow (weapon)
Armour
 c - a +0 leather armour (worn)
Jewellery
 g - a ring of protection from fire (left hand)
Potions
 d - a potion of brilliance {unknown}
 e - a potion of ambrosia {unknown}

Dungeon Overview and Level Annotations

Branches:
Dungeon (1/15)

Altars:


Message History

Enter note:
Enter note: Done exploring.
809 ||| UPGRADING to ring of protection from fire.
g - a ring of protection from fire (left hand) Done exploring.
810 ||| READING scroll labelled IKHILI TISICZO.
The air fills with toxic fumes!
As you read the scroll labelled IKHILI TISICZO, it crumbles to dust.
It was a scroll of poison.
Done exploring.
811 ||| DROPPING scroll of butterflies.
You drop a scroll of butterflies.
Done exploring.
(D) Dungeon
Where to? (* - list waypoints, ? - help)
What level of the Dungeon? (default 1, ? - help) Sorry, I don't know how to get there.
Enter note:
Enter note:
Enter note:
Enter note:
Enter note:
Enter note:
Enter note:
Enter note:
Enter note:
Enter note:
Enter note:
Enter note: Really walk into that cloud of poison gas?
You are engulfed in poison gas.
You are lethally poisoned!
You feel very sick.
813 ||| Stepping ~*~*~tactically~*~*~ (cloud).
You feel very sick.
You see here a scroll of butterflies.
There is a lethal amount of poison in your body!
You feel very sick.
There is a lethal amount of poison in your body!
You die...

###### #....# ####### ##.##.#
......# ##..##.# #####.#
#####...##.# #.#
######¤¤......... ##.##
########¤¤¤¤¤¤###...##.# #...#
#¤¤¤¤¤¤@¤¤¤¤¤¤# ##..##.# #.#.#
#.######¤¤¤0¤¤# #.....# #...# #.#
#¤¤¤¤¤## #.##### ###.# #.#
####¤¤0¤¤# ##+## #.# #.#
#...¤0¤### ##...## ####.# #.#
#[###¤## ##.....## ##.##.# #.#
#.##.¤# ##.......##
##...#.###.###.#..¤####.........#
.....%................'.........'


There were no monsters in sight!

Vanquished Creatures
  2 endoplasms (D:1)
  A giant cockroach (D:1)
  3 goblins (D:1)
  4 hobgoblins (D:1)
  2 quokkas (D:1)
  A bat (D:1)
  A frilled lizard (D:1)
  2 kobolds (D:1)
16 creatures vanquished.

Vanquished Creatures (others)
  2 draconians (D:1)
  An octopode (D:1)
  A merfolk (D:1)
  2 demigods (D:1)
  A naga (D:1)
  An ogre (D:1)
  2 mummies (D:1)
  2 gnolls (D:1)
  11 tentacles (D:1)
23 creatures vanquished.

Grand Total: 39 creatures vanquished

Notes
Turn   | Place    | Note
-------+----------+-------------------------------------------
     0 | D:1      | qw the Deep Elf Hunter began the quest for the Orb.
     0 | D:1      | Reached XP level 1. HP: 12/12 MP: 3/3
     0 | D:1      | Noticed an ogre
     0 | D:1      | Noticed a naga
     0 | D:1      | Noticed a merfolk
     0 | D:1      | Noticed an octopode
     0 | D:1      | Noticed a demigod
     0 | D:1      | Noticed a draconian
     0 | D:1      | Noticed a kraken
     0 | D:1      | Noticed a demigod
     0 | D:1      | Noticed a draconian
     0 | D:1      | 0 ||| qw: Version: 0.3-a-22-g0ed2b0b
     0 | D:1      | 0 ||| qw: Game counter: 6621
     0 | D:1      | 0 ||| qw: Melee chars always use a shield: true
     0 | D:1      | 0 ||| qw: God list: Okawaru
     0 | D:1      | 0 ||| qw: Allow faded altars: false
     0 | D:1      | 0 ||| qw: Do Orc after clearing Dungeon:15 true
     0 | D:1      | 0 ||| qw: Do second Lair branch before Depths: true
     0 | D:1      | 0 ||| qw: Lair rune preference: random
     0 | D:1      | 0 ||| qw: Goals: Normal
     0 | D:1      | 0 ||| PLANNING D:1-11
     3 | D:1      | Killed a demigod
    10 | D:1      | Killed an octopode
    10 | D:1      | Killed a merfolk
    15 | D:1      | Killed a naga
    16 | D:1      | Killed an ogre
    17 | D:1      | Killed a demigod
    21 | D:1      | Killed a draconian
    25 | D:1      | Killed a draconian
   342 | D:1      | Reached XP level 2. HP: 16/16 MP: 4/4
   364 | D:1      | Reached skill level 6 in Ranged Weapons
   809 | D:1      | 809 ||| UPGRADING to ring of protection from fire.
   810 | D:1      | 810 ||| READING scroll labelled IKHILI TISICZO.
   811 | D:1      | 811 ||| DROPPING scroll of butterflies.
   813 | D:1      | 813 ||| Stepping ~*~*~tactically~*~*~ (cloud).
   814 | D:1      | HP: 2/16 [poisoned by you (poison gas)]
   815 | D:1      | Succumbed to their own poison gas

Levels and vault maps discovered:
D:1:      nicolae_arrival_kraken_aquarium_a, layout_loops_corners

Skill      XL: |  1  2 |
---------------+-------+-----
Ranged Weapons | 6 |  6.3
Fighting       | |  1.5
Dodging        | |  2.4
Stealth        | |  1.2

Action                     || total
---------------------------++-------
   Fire: Shortbow          ||    32
    Use: Scroll            ||     1
 Armour: Leather armour    ||     4
  Dodge: Dodged            ||     3

Table legend:
 A = Non-vault XP
 B = Vault XP
 C = Vault XP percentage of total XP
 D = Non-vault monster count
 E = Vault monster count
 F = Vault count percentage of total count
                 A         B        C        D         E       F
            +---------+---------+-------+---------+---------+-------
      Total |      28 |       0 |   0.0 |      16 |       0 |   0.0
            +---------+---------+-------+---------+---------+-------
        D:1 |      28 |       0 |   0.0 |      16 |       0 |   0.0
            +---------+---------+-------+---------+---------+-------
